Map: Ephemeron LE

Players

ViBE - Winner!

  • Race: Terran Terran
  • League: Diamond
  • Spawn Location: 11:00

LilHenny

  • Race: Terran Terran
  • League: Diamond
  • Spawn Location: 5:00

VOD

Have the link to the VOD?

Description

Time

  • Played on: Dec. 23, 2019, 3:38 a.m.
  • Length: 14:38
Show
View Real Time Build Order
Export as new Build Order

ViBE Terran - Winner!

Build Orders: Mech 

Get SALT Encoding   

  12  0:00  SCV  
  13  0:14  SCV  
  14  0:19  Supply Depot  
  14  0:24  Refinery  
  14  0:28  SCV  
  15  0:40  SCV  
  16  0:53  SCV  
  16  0:54  Barracks  
  17  1:05  SCV  
  18  1:17  SCV  
  19  1:29  SCV  
  20  1:42  Orbital Command  
  20  1:44  Factory  
  20  2:00  Command Center  
  20  2:03  Reaper  
  21  2:11  SCV  
  21  2:14  Supply Depot  
  22  2:24  SCV  
  23  2:30  Factory Tech Lab  
  23  2:36  Refinery  
  23  2:37  SCV  
  24  2:49  SCV, Siege Tank  
  28  2:58  Supply Depot  
  28  3:01  SCV  
  28  3:13  SCV  
  25  3:25  SCV  
  25  3:31  Siege Tank  
  27  3:37  SCV  
  28  3:44  Supply Depot  
  28  3:49  SCV  
  28  3:52  Starport  
  28  3:53  Orbital Command  
  29  4:01  SCV  
  30  4:13  SCV  
  31  4:19  SCV  
  31  4:22  Supply Depot  
  32  4:25  SCV  
  33  4:31  SCV, Command Center  
  33  4:32  Starport Reactor  
  33  4:38  SCV  
  35  4:40  Siege Tank  
  35  4:43  SCV  
  39  4:47  Supply Depot  
  39  4:50  SCV  
  40  4:55  SCV  
  41  5:02  SCV  
  42  5:08  SCV  
  42  5:09  Viking x2  
  42  5:13  Supply Depot  
  48  5:14  SCV, Siege Tank  
  48  5:20  SCV  
  52  5:26  SCV, Refinery  
  52  5:27  Refinery  
  53  5:32  SCV  
  53  5:35  Factory  
  54  5:38  SCV  
  55  5:44  Orbital Command  
  55  5:47  Command Center  
  55  5:49  Barracks Reactor  
  55  5:50  SCV x2  
  57  5:59  Engineering Bay  
  57  6:02  SCV x2, Armory  
  59  6:10  SCV  
  60  6:14  SCV x2  
  60  6:17  Orbital Command  
  62  6:18  Factory Reactor  
  62  6:26  SCV x2  
  64  6:33  Factory  
  64  6:34  Factory  
  64  6:38  SCV x2  
  64  6:39  Sensor Tower  
  66  6:44  Viking  
  66  6:45  Hellion x2  
  72  6:48  SCV  
  72  6:50  SCV  
  72  6:51  SCV, Sensor Tower  
  75  6:54  Terran Ship Weapons Level 1  
  75  7:00  SCV  
  76  7:02  SCV  
  76  7:03  SCV  
  79  7:12  SCV  
  79  7:14  SCV  
  79  7:15  SCV  
  80  7:17  Factory Tech Lab  
  80  7:18  Factory Reactor  
  80  7:19  Viking, Hellion x2, Siege Tank  
  89  7:24  SCV  
  89  7:26  SCV  
  89  7:27  SCV  
  89  7:28  Command Center  
  92  7:40  Refinery  
  92  7:41  Refinery  
  92  7:44  Siege Tank  
  92  7:45  Supply Depot x2, Hellion x2  
  92  7:47  Viking  
  104  7:51  Siege Tank  
  104  8:03  Planetary Fortress  
  104  8:05  SCV x3  
  106  8:10  Armory  
  107  8:17  SCV x3  
  107  8:19  Viking x2  
  114  8:21  Hellion x2  
  114  8:22  Hellion x2  
  114  8:26  Supply Depot x2  
  122  8:27  Supply Depot  
  122  8:28  Siege Tank  
  122  8:29  SCV x2  
  122  8:30  SCV  
  128  8:37  Siege Tank  
  131  8:41  SCV x2  
  131  8:42  SCV x2  
  135  8:49  Refinery  
  135  8:51  Viking  
  135  8:53  SCV  
  135  8:54  SCV, Refinery  
  139  8:57  SCV x2  
  141  9:06  SCV  
  142  9:12  Missile Turret x2  
  142  9:13  Missile Turret x2  
  142  9:14  Missile Turret  
  142  9:15  Missile Turret  
  142  9:18  Missile Turret x3  
  142  9:19  Missile Turret  
  142  9:24  Terran Vehicle And Ship Armor Level 1  
  142  9:25  Terran Ship Weapons Level 2  
  142  9:27  Neosteel Armor  
  142  9:46  Siege Tank x2  
  142  9:47  Hellion x4  
  142  9:48  Viking  
  142  9:49  Viking  
  160  9:55  Planetary Fortress  
  160  10:00  SCV  
  160  10:01  Command Center  
  161  10:13  Starport  
  161  10:14  Starport  
  161  10:15  Starport  
  161  10:16  Factory  
  161  10:17  Factory  
  161  10:30  Siege Tank x2  
  161  10:31  Viking, Hellion x2  
  161  10:32  Viking  
  176  10:35  SCV  
  176  10:36  SCV  
  176  10:37  SCV x2  
  179  10:52  Sensor Tower  
  179  10:55  Sensor Tower  
  177  10:59  Starport Reactor x3  
  177  11:01  Factory Tech Lab  
  177  11:02  Factory Tech Lab  
  177  11:07  Hi-Sec Auto Tracking  
  177  11:12  Orbital Command  
  177  11:16  Command Center  
  177  11:18  Viking x2  
  175  11:19  Siege Tank  
  175  11:20  Siege Tank x3  
  175  11:23  Hellion x4  
  197  11:26  Infernal Pre-Igniter  
  197  11:27  Smart Servos  
  197  12:03  Viking  
  185  12:27  Viking  
  185  12:28  Viking x6  
  194  12:30  Siege Tank x3  
  200  13:17  Refinery x2  
  191  13:36  Siege Tank x4  
  194  13:44  Viking  
  194  13:45  Viking x2  
  161  14:07  Viking x5  
  161  14:08  Hellion x4  
Show
View Real Time Build Order
Export as new Build Order

LilHenny Terran 

Build Orders:  

Get SALT Encoding   

  12  0:02  SCV  
  14  0:14  SCV  
  14  0:18  Supply Depot  
  14  0:26  SCV  
  15  0:40  SCV, Barracks  
  16  0:47  Refinery  
  16  0:52  SCV  
  17  1:00  Barracks  
  17  1:04  SCV  
  18  1:16  Barracks  
  18  1:27  Supply Depot  
  18  1:32  SCV  
  19  1:41  Reaper  
  20  1:47  Orbital Command  
  20  1:51  Reaper  
  21  2:05  Refinery  
  21  2:07  Reaper  
  22  2:13  SCV  
  23  2:25  SCV, Reaper  
  25  2:35  Supply Depot  
  25  2:37  SCV  
  26  2:54  Reaper x2  
  28  2:59  Reaper  
  28  3:01  SCV  
  30  3:26  Reaper  
  30  3:32  Reaper  
  30  3:34  SCV  
  32  3:37  Factory  
  32  3:44  Command Center  
  32  3:46  Barracks Tech Lab  
  32  3:51  SCV, Engineering Bay  
  33  3:59  Barracks Reactor  
  33  4:03  SCV  
  29  4:21  Marine  
  29  4:22  Stimpack, Factory Tech Lab  
  30  4:24  SCV, Barracks Reactor  
  31  4:36  Marine x2  
  33  4:39  SCV, Terran Infantry Weapons Level 1  
  34  4:46  Command Center  
  34  4:47  Marauder  
  34  4:51  SCV  
  37  4:56  Marine x2  
  39  5:02  Orbital Command  
  39  5:03  SCV  
  39  5:05  Siege Tank  
  39  5:06  Refinery  
  43  5:07  Marine x2  
  43  5:11  Marauder  
  47  5:22  Marine x2  
  47  5:27  SCV  
  50  5:29  SCV  
  50  5:32  Marine, Marauder  
  54  5:38  Starport  
  54  5:57  Marine, SCV x2  
  54  6:03  Sensor Tower  
  54  6:04  Refinery  
  57  6:05  Marine, Sensor Tower, Missile Turret  
  57  6:06  Marine  
  57  6:09  SCV x2  
  57  6:10  Marine  
  62  6:13  Combat Shield  
  62  6:18  Marine  
  62  6:21  SCV x2  
  62  6:23  Supply Depot  
  65  6:31  Marine  
  65  6:32  Marine  
  67  6:33  SCV  
  67  6:34  Orbital Command  
  67  6:36  Marine  
  69  6:42  Terran Infantry Armor Level 1  
  69  6:45  Marine, Marauder  
  72  6:49  Marine  
  72  6:52  Missile Turret  
  73  6:54  SCV x2  
  73  6:56  Marine x2  
  77  7:12  Starport Reactor  
  77  7:14  Marine  
  77  7:23  Supply Depot  
  77  7:26  Engineering Bay  
  77  7:30  Armory  
  77  7:34  Armory  
  77  7:44  Marine x4  
  77  7:45  SCV, Siege Tank  
  85  7:51  Supply Depot  
  85  7:56  Missile Turret  
  85  8:04  Barracks x2  
  85  8:05  Barracks  
  85  8:09  Factory  
  85  8:12  Marine  
  85  8:13  SCV x2, Medivac, Marauder  
  85  8:15  Marine  
  93  8:28  Supply Depot  
  93  8:31  Supply Depot  
  93  8:49  Marine x4  
  93  8:50  SCV, Siege Tank  
  93  8:52  Factory Tech Lab  
  93  8:53  SCV x2, Medivac, Barracks Reactor x2, Marauder  
  93  8:54  Barracks Reactor  
  107  8:59  Viking  
  107  9:00  Factory  
  109  9:04  Supply Depot  
  109  9:14  Refinery  
  109  9:15  Refinery  
  109  9:25  SCV x2, Siege Tank x2  
  117  9:33  Missile Turret  
  117  9:40  Supply Depot x2  
  117  9:41  Supply Depot  
  117  9:49  Factory Tech Lab  
  117  9:52  Concussive Shells  
  117  9:54  Command Center  
  117  9:55  Supply Depot  
  117  9:57  Terran Infantry Weapons Level 2  
  117  9:59  Marine x4, SCV x2  
  125  10:00  Marauder  
  125  10:02  SCV  
  125  10:03  Terran Infantry Armor Level 2  
  126  10:11  SCV x2  
  126  10:12  Supply Depot  
  126  10:13  Terran Vehicle Weapons Level 1  
  128  10:17  Terran Vehicle And Ship Armor Level 1  
  128  10:24  SCV x2  
  128  10:25  SCV  
  131  10:30  Siege Tank  
  134  10:36  SCV  
  134  10:37  Marine  
  134  10:38  Marauder  
  134  10:41  SCV  
  139  10:46  Marine x2  
  139  10:49  Medivac  
  143  11:00  Marauder  
  145  11:07  Viking  
  147  11:17  Siege Tank x2  
  153  11:19  Viking  
  153  11:20  SCV  
  153  11:22  Planetary Fortress  
  156  11:26  SCV  
  157  11:33  Marine x3, Starport x2  
  157  11:34  Marauder, Siege Tank  
  157  11:35  Starport  
  165  11:40  Viking  
  165  11:47  SCV  
  168  11:49  Siege Tank  
  168  11:53  Marine  
  170  11:55  Marauder  
  143  12:17  Marine x2  
  143  12:18  Marauder  
  145  12:22  SCV  
  145  12:23  SCV x2  
  145  12:27  Marine x2  
  148  12:32  Siege Tank x2  
  148  12:35  SCV x2  
  148  12:36  Starport Reactor x3  
  156  12:37  SCV  
  156  12:39  Marine  
  156  12:40  Marauder  
  160  12:47  SCV  
  160  12:48  Siege Tank  
  153  13:07  Viking x2  
  153  13:12  SCV, Viking  
  160  13:13  SCV x2  
  160  13:14  Viking x2  
  160  13:17  SCV  
  167  13:25  SCV  
  168  13:37  Viking  
  140  13:45  Marine  
  140  13:46  Marauder  
  87  13:56  Marine x2  
  87  13:57  Siege Tank x2  
  83  14:04  Marine x2  
  83  14:08  Marauder  
Tags
 
Composition
Mech
Matchup
TvT
Race
Terran
Spawn Locations
Cross Positions
Add a new tag
Caveats
  • Supply blocks, unpowered buildings, or Contaminate may cause inaccurate times.
  • Supply counts are checked every 10 seconds.